 Dungeon Crawl Stone Soup version 0.30-a0-637-gacddeb6d44 (webtiles) character file.

Game seed: 12423993073469185700

289 Leeroy the Slasher (level 6, -6/35 HPs)
             Began as a Tengu Warper on Jan 15, 2023.
             Was an Initiate of Hepliaklqana.
             Mangled by a gnoll
             ... wielding a +0 spear
             ... led by a gnoll bouda
              (10 damage)
             ... on level 5 of the Dungeon.
             The game lasted 00:04:03 (2969 turns).

Leeroy the Slasher (Tengu Warper)                   Turns: 2969, Time: 00:04:03

Health: -6/35      AC:  3    Str: 11    XL:     6   Next: 31%
Magic:  9/10       EV: 14    Int: 13    God:    Hepliaklqana [......]
Gold:   168        SH:  0    Dex: 16    Spells: 0/9 levels left

rFire   . . .      SeeInvis .    a - +0 falchion
rCold   + . .      Faith    .    (no shield)
rNeg    . . .      Spirit   .    b - +0 leather armour
rPois   .          Reflect  .    (helmet restricted)
rElec   .          Harm     .    (no cloak)
rCorr   .          Rampage  .    (no gloves)
Will    .....                    (boots unavailable)
Stlth   +                        r - amulet of magic regeneration
HPRegen 0.25/turn                n - ring of protection from cold
MPRegen 0.52/turn                (no ring)

@: on blink cooldown, flying quickly and evasively, quick
A: beak, talons 3, nimble flight
a: Renounce Religion


You were on level 5 of the Dungeon.
You worshipped Hepliaklqana.
Hepliaklqana was noncommittal.
You visited 1 branch of the dungeon, and saw 5 of its levels.

You collected 168 gold pieces.

Inventory:

Hand Weapons
 a - a +0 falchion (weapon)
Missiles
 d - 7 boomerangs of dispersal
 l - 5 poisoned darts (quivered)
 s - 2 boomerangs
Armour
 b - a +0 leather armour (worn)
 j - a +0 buckler
 p - a +0 buckler
 w - the +0 scale mail of Peefoff {+Inv Str+6 Dex+6}
   (You found it on level 4 of the Dungeon)

   Str:       It affects your strength (+6).
   Dex:       It affects your dexterity (+6).
   +Inv:      It lets you turn invisible.
Jewellery
 n - a ring of protection from cold (left hand)
 r - an amulet of magic regeneration (around neck)
Scrolls
 c - 2 scrolls of blinking
 g - a scroll of immolation {unknown}
 i - 2 scrolls of fear {unknown}
 k - 4 scrolls of vulnerability {unknown}
 m - 3 scrolls of teleportation {unknown}
 o - a scroll of acquirement {unknown}
 t - 3 scrolls of amnesia {unknown}
 x - a scroll of identify {unknown}
Potions
 e - 3 potions of attraction {unknown}
 f - 3 potions of brilliance {unknown}
 h - 3 potions of flight {unknown}
 q - a potion of heal wounds {unknown}
 u - 2 potions of cancellation {unknown}
 v - a potion of curing {unknown}


   Skills:
 - Level 2.0 Fighting
 + Level 7.1 Long Blades
 - Level 1.0 Throwing
 - Level 1.1 Armour
 - Level 2.1 Dodging
 - Level 2.0 Spellcasting
 - Level 2.4 Translocations


You couldn't memorise any spells.
You knew the following spells:

 Your Spells              Type           Power      Damage    Failure   Level
a - Blink                 Tloc           14%        N/A       19%         2
b - Vhi's Electric Charg  Tloc/Air       8%         N/A       52%         3
c - Manifold Assault      Tloc           7%         N/A       77%         4

Your spell library contained the following spells:

 Spells                   Type           Power      Damage    Failure   Level
 Apportation              Tloc           14%        N/A       13%         1
 Foxfire                  Conj/Fire      4%         2x1d4     32%         1
 Summon Small Mammal      Summ           4%         N/A       32%         1
 Lesser Beckoning         Tloc           14%        N/A       36%         3
 Teleport Other           Tloc           7%         N/A       36%         3
 Cigotuvi's Dreadful Rot  Necr/Pois/Air  2%         N/A       45%         2
 Kindle Blastsparks       Fire/Tloc/Air  6%         2d10      58%         3
 Iskenderun's Mystic Bla  Conj/Tloc      4%         2d3       90%         4
 Dispel Undead            Necr           1%         3d6       97%         4
 Fulminant Prism          Conj/Hex       0%         3d5       97%         4
 Alistair's Intoxication  Tmut/Pois      0%         N/A       100%        5
 Lee's Rapid Deconstruct  Erth           0%         3d4*      100%        5
 Death Channel            Necr           0%         N/A       100%        6


Dungeon Overview and Level Annotations

Branches:
Dungeon (5/15)
 Temple: D:4-7

Altars:
Hepliaklqana


Innate Abilities, Weirdness & Mutations

You have a beak for a mouth.
You have claws for feet.
Your magical nature lets you fly swiftly and evasively.


Message History

Done exploring.
No target in view!
There is a stone staircase leading down here.
You fly downwards.
There is a stone staircase leading up here.
Found an escape hatch in the ceiling.
Found a stone staircase leading down.
A gnoll comes into view. It is wielding a +0 whip.
A gnoll bouda and 2 gnolls come into view.
Found a stone staircase leading up.
The gnoll bouda shouts!
The gnoll shouts! x3
You hit the gnoll. You claw the gnoll.
The gnoll is heavily wounded.
The gnoll hits you with a +0 whip.
You hit the gnoll. You claw the gnoll.
You kill the gnoll!
The gnoll misses you.
You hit the gnoll bouda. You claw the gnoll bouda.
Your peck misses the gnoll bouda.
The gnoll bouda is heavily wounded.
The gnoll completely misses you.
The gnoll bouda barks out a call to the hunt!
The gnolls pick up the pace!
You slash the gnoll! Your kick misses the gnoll.
The gnoll is heavily wounded.
The gnoll hits you with a +0 flail!
The gnoll hits you from afar with a +0 spear!
You hit the gnoll. You claw the gnoll. You peck the gnoll.
You kill the gnoll!
The gnoll bouda hits you with a +0 whip!
* * * LOW HITPOINT WARNING * * *
The gnoll hits you from afar with a +0 spear.
* * * LOW HITPOINT WARNING * * *
Casting: Blink (safe; 19% risk of failure)
Confirm with . or Enter, or press ? or * to list all spells.
You blink.
An adder comes into view.
The adder hisses angrily.
The gnoll hits you from afar with a +0 spear!
You die...

###.......#
.#.......# #
........# #.##
#.......# ###
.....#.......# ..#
.S...#.......# #.#
.........g...# ...
.........)### #.#
<..#.@.g§.# #.#
.#.####.# #.#
........### #<#
............#####.#
#.#...#..#.#.......#
# .......#.#########
........<.#
###..##....# .>
.....#


You could see a gnoll bouda, a gnoll (swift) and an adder.

Vanquished Creatures
  An ogre (D:4)
  Jessica (D:2)
  An iguana (D:4)
  2 gnolls (D:5)
  3 adders (D:2)
  A shadow imp (D:4)
  2 worms (D:3)
  3 dart slugs
  3 orcs (D:3)
  5 bats
  8 endoplasms
  3 giant cockroaches
  12 goblins
  9 hobgoblins
  3 jackals (D:1)
  10 ball pythons
  9 kobolds
  3 rats
79 creatures vanquished.

Notes
Turn   | Place    | Note
-------+----------+-------------------------------------------
     0 | D:1      | Leeroy the Tengu Warper began the quest for the Orb.
     0 | D:1      | Reached XP level 1. HP: 12/12 MP: 4/4
   100 | D:1      | Reached XP level 2. HP: 17/17 MP: 6/6
   103 | D:1      | Reached skill level 3 in Long Blades
   624 | D:1      | Reached XP level 3. HP: 21/21 MP: 7/7
   794 | D:2      | Learned a level 2 spell: Blink
   798 | D:2      | Learned a level 3 spell: Vhi's Electric Charge
   856 | D:2      | Reached skill level 4 in Long Blades
   989 | D:2      | Found a faded altar of an unknown god.
   995 | D:2      | Noticed Jessica
  1000 | D:2      | Killed Jessica
  1001 | D:2      | Reached XP level 4. HP: 19/26 MP: 8/8
  1156 | D:2      | Reached skill level 5 in Long Blades
  1784 | D:3      | Gained mutation: Your magical nature lets you fly swiftly
                  | and evasively. [Tengu growth]
  1784 | D:3      | Reached XP level 5. HP: 30/30 MP: 9/9
  2469 | D:4      | Found a hazy altar of Hepliaklqana.
  2718 | D:4      | Became a worshipper of Hepliaklqana the Forgotten
  2729 | D:4      | Reached skill level 6 in Long Blades
  2737 | D:4      | Noticed an ogre
  2745 | D:4      | Killed an ogre
  2746 | D:4      | Reached XP level 6. HP: 35/35 MP: 8/10
  2792 | D:4      | Identified the +0 scale mail of Peefoff {+Inv Str+6 Dex+6}
  2811 | D:4      | Reached skill level 7 in Long Blades
  2897 | D:4      | Got Even Beginners Can Use Wizarding!
  2903 | D:4      | Learned a level 4 spell: Manifold Assault
  2947 | D:5      | Entered Level 5 of the Dungeon
  2969 | D:5      | Mangled by a gnoll

Illustrated notes

Levels and vault maps discovered:
D:1:      ncdulo_wetmaze, layout_loops_cross
D:2:      minmay_angry_zag, layout_loops_ring, chequers_ecumenical_altar_simple,
          minmay_split_cup_large, uniq_jessica
D:3:      layout_loops_ring
D:4:      layout_basic, nicolae_overflow_crystal_walls
D:5:      layout_loops_cross, minmay_temple_entry_from_below_a

Skill      XL: |  1  2  3  4  5  6 |
---------------+-------------------+-----
Long Blades    | 3 4 5 6 7 |  7.1
Fighting       | |  2.0
Throwing       | |  1.0
Armour         | |  1.1
Dodging        | |  2.1
Spellcasting   | |  2.0
Translocations | |  2.4

Action                   |  1- 3 |  4- 6 || total
-------------------------+-------+-------++-------
Melee: Falchion          |    67 |   130 ||   197
       Kick              |    12 |    36 ||    48
       Peck              |     7 |    15 ||    22
       Punch             |       |     1 ||     1
Throw: Dart              |       |     2 ||     2
 Cast: Blink             |       |     2 ||     2
 Stab: Sleeping          |     4 |     1 ||     5
Armor: Leather armour    |    24 |    12 ||    36
Dodge: Dodged            |    44 |    63 ||   107

Table legend: (Time is in decaauts)
 A = Elapsed time spent in this place.
 B = Non-inter-level travel time spent in this place.
 C = Inter-level travel time spent in this place.
 D = Time resting spent in this place.
 E = Time spent auto-exploring this place.
 F = Levels seen in this place.
 G = Mean time per level.
                   A        B        C        D        E       F      G
               +--------+--------+--------+--------+--------+-----+--------+
         Total |   2900 |   2822 |     78 |      4 |   2297 |   5 |  580.0 |
       Dungeon |   2900 |   2822 |     78 |      4 |   2297 |   5 |  580.0 |
               +--------+--------+--------+--------+--------+-----+--------+

Top non-repeatable levels by time:
     D:2: 1004 daAuts
     D:1: 795 daAuts
     D:3: 638 daAuts
     D:4: 441 daAuts
     D:5: 20 daAuts
